 Dungeon Sprint DCSS version 0.29-a0-506-ga2e7fffb44 (webtiles) character file.

Game seed: 16448344338926617550

93781 mhtbhm the Slayer (level 14, -6/147 (160) HPs)
             Began as a White Draconian Berserker on May 28, 2022.
             Was the Champion of Trog.
             Killed from afar by a shadow dragon (36 damage)
             ... with a bolt of negative energy
             ... in the Dungeon (Sprint III: "The Ten Rune Challenge").
             The game lasted 00:21:05 (10671 turns).

mhtbhm the Slayer (White Draconian Berserker)      Turns: 10671, Time: 00:21:06

HP:   -6/147 (160)  AC: 12    Str: 31    XL:     14   Next: 76%
MP:   14/14         EV: 17    Int: 11    God:    Trog [******]
Gold: 173           SH: 18    Dex: 11    Spells: 13/13 levels left

rFire   + . .      SeeInvis .   a - +10 scimitar "Ropluny" {vorpal, rF+}
rCold   + . .      Faith    +   c - +0 tower shield {reflect}
rNeg    . . .      Spirit   .   (body armour unavailable)
rPois   +          Reflect  +   H - +0 hat
rElec   .          Harm     .   j - +0 cloak
rCorr   .          Rampage  +   (no gloves)
Will    +....      Clarity  +   s - +2 pair of boots {rampage}
Stlth   ++++...... NoTele   +   w - amulet of faith
HPRegen 0.34/turn               v - ring of poison resistance
MPRegen 0.14/turn               F - +6 ring of strength

@: on berserk cooldown, slowed, drained, very slow
A: breathe frost, AC +8, unfitting armour, cold resistance 1, cold-blooded,
clarity, clever 1, strong 1
}: 2/10 runes: serpentine, barnacled
a: Breathe Frost, Renounce Religion, Berserk, Trog's Hand, Brothers in Arms


You were in the Dungeon.
You worshipped Trog.
Trog was exalted by your worship.
You visited 1 branch You collected 1533 gold pieces.
You spent 1360 gold pieces at shops.

Inventory:

Hand Weapons
 a - the +10 scimitar "Ropluny" (weapon) {vorpal, rF+}
   (Trog gifted it to you in the Dungeon)

   It inflicts extra damage upon your enemies.
   rF:        It protects you from fire.
 t - the +8 falchion of Coywia {vorpal, rC+ rCorr Dex+2}
   (Trog gifted it to you in the Dungeon)

   It inflicts extra damage upon your enemies.
   Dex:       It affects your dexterity (+2).
   rC:        It protects you from cold.
   rCorr:     It protects you from acid and corrosion.
 u - a +3 vorpal double sword
 B - the +11 plutonium sword {Contam Stlth-}
   (Trog gifted it to you in the Dungeon)

   It occasionally inflicts wild transmutation effects on those it strikes,
   inflicting malmutation or extra damage, or polymorphing them into a new form.
   Contam:    It causes magical contamination when unequipped.
   Stlth:     It makes you less stealthy.
 L - a +0 demon blade of draining
Missiles
 l - 6 javelins
 q - 4 curare-tipped darts (quivered)
Armour
 c - a +0 tower shield of reflection (worn)
 j - a +0 cloak (worn)
 s - a +2 pair of boots of rampaging (worn)
 A - the +3 buckler of Xawaf {Regen+ Int+6 Dex+2}
   (You bought it in a shop in the Dungeon)

   Int:       It affects your intelligence (+6).
   Dex:       It affects your dexterity (+2).
   Regen:     It increases your rate of health regeneration.
 H - a +0 hat (worn)
 P - a +0 pair of gloves of dexterity
Jewellery
 v - a ring of poison resistance (left hand)
 w - an amulet of faith (around neck)
 D - the amulet "Faachit" {Spirit rCorr Str+7 Dex-2 SInv}
   (You found it in the Dungeon)

   [amulet of guardian spirit]

   It causes incoming damage to be divided between your reserves of health and
   magic.
   Str:       It affects your strength (+7).
   Dex:       It affects your dexterity (-2).
   SInv:      It lets you see invisible.
   rCorr:     It protects you from acid and corrosion.
 F - a +6 ring of strength (right hand)
 K - a ring of protection from fire
 Q - a ring of protection from cold
Wands
 p - a wand of polymorph (10)
 G - a wand of flame (12)
Scrolls
 g - 2 scrolls of blinking
 k - a scroll of immolation
 m - a scroll of torment
 y - 2 scrolls of poison
 C - 2 scrolls of vulnerability {unknown}
 E - a scroll of fog {unknown}
 I - a scroll of amnesia {unknown}
 M - a scroll of silence {unknown}
 N - a scroll of identify
Potions
 b - 5 potions of curing
 d - a potion of haste
 e - 2 potions of magic
 f - a potion of berserk rage
 h - 2 potions of flight
 i - a potion of resistance
 n - 2 potions of might
 o - 6 potions of mutation
 x - 2 potions of invisibility
 z - a potion of brilliance {unknown}
 J - a potion of lignification {unknown}
Miscellaneous
 r - a lightning rod (4/4)


   Skills:
 + Level 24.9 Fighting
 + Level 24.1 Long Blades
 + Level 3.9 Throwing
 + Level 18.1 Dodging
 - Level 8.4 Stealth
 + Level 15.1 Shields
 + Level 7.5 Evocations


You had 13 spell levels left.
You didn't know any spells.
Your spell library was empty.

Dungeon Overview and Level Annotations

Branches:
Dungeon (1/1)

Altars:
Cheibriados
Dithmenos
Elyvilon
Fedhas
Gozag
Hepliaklqana
Kikubaaqudgha
Makhleb
Nemelex Xobeh
Okawaru
Qazlal
Ru
Sif Muna
Trog
Uskayaw
Vehumet
Wu Jian
Xom
Yredelemnul
Zin
The Shining One
Beogh
Jiyva
Lugonu

Shops:
D [?=:?(*[(:[!*=?(=[


Innate Abilities, Weirdness & Mutations

You can breathe waves of freezing cold which knock back foes.
Your icy white scales are hard. (AC +8)
You cannot fit into any form of body armour.
Your flesh is cold resistant. (rC+)
You are cold-blooded and may be slowed by cold attacks.
You possess an exceptional clarity of mind.
Your mind is acute. (Int +2)
Your muscles are strong. (Str +2)


Message History

The bolt of negative energy hits you!!
You feel drained.
Unknown command.
You rampage towards the shadow dragon!
You hit the shadow dragon.
The shadow dragon is lightly wounded.
Unknown command.
You hit the shadow dragon but do no damage.
The shadow dragon is lightly wounded.
The shadow dragon bites you!
* * * LOW HITPOINT WARNING * * *
You block the shadow dragon's attack. The shadow dragon claws you!
* * * LOW HITPOINT WARNING * * *
Unknown command.
You slice the shadow dragon!!
The shadow dragon is moderately wounded.
You closely miss the shadow dragon.
The shadow dragon is moderately wounded.
The shadow dragon bites you.
* * * LOW HITPOINT WARNING * * *
You feel drained.
* * * LOW HITPOINT WARNING * * *
The shadow dragon closely misses you. You block the shadow dragon's attack.
Unknown command.
You slice the shadow dragon!! You tail-slap the shadow dragon.
The shadow dragon is heavily wounded.
You block the shadow dragon's attack. The shadow dragon claws you.
* * * LOW HITPOINT WARNING * * *
You block the shadow dragon's attack.
You slice the shadow dragon!!
The shadow dragon is severely wounded.
You are no longer berserk.
You are exhausted.
You feel yourself slow down.
You slice the shadow dragon!!
Your tail-slap misses the shadow dragon.
The shadow dragon is almost dead.
You block the shadow dragon's attack. x2; The shadow dragon claws you.
* * * LOW HITPOINT WARNING * * *
The shadow dragon breathes negative energy at you.
The bolt of negative energy hits you!!!
You feel drained.
You die...

≈**,,**,**,,,,,,,,,,,*≈≈≈≈≈*
,,,,,,*,**,,,,,,,,,,,*,≈≈≈≈*
≈**,,**,**,,,,,,,,,,,*,≈≈≈,*
,',,,,,,**,,,,,,,,,,,*≈≈≈≈≈*
**********,,,,,,,,,,,*,≈,,,*
#######***,,,,,,,,,,,*,,,,,*
'††.≈≈#,**,,,,,,,,,,,*,,,,,*
#.†.≈≈#**#################+*
#.††≈≈≈≈*#...§§§@D{.....§.,*
#..†≈≈≈≈*#.#######§......§,*
#...†...*#.......#§§....§.,*
#.......*#######.#§§§§....§*
#.......*#.......#§.§§.t..§*
########*#######'###########
###******#...#.#.#...)[§.≈(#
§§#*≈,≈≈≈*#.#.§..#≈≈≈≈≈≈≈≈≈#
§≈#≈,≈*≈≈#.#.#§#)#§..§§....#


You could see a shadow dragon (catching breath).

Vanquished Creatures
  4 bone dragons (D)
  A lich (D)
  Rupert (D)
  Frances (D)
  A kraken (D)
  Gastronok (D)
  A shadow dragon (D)
  Chuck (D)
  A nagaraja (D)
  Donald (D)
  2 azure jellies (D)
  A vampire knight (D)
  A bunyip (shapeshifter) (D)
  2 dire elephants (D)
  A fire dragon (D)
  Josephine (D)
  A yaktaur captain (D)
  2 hydras (D)
  3 anacondas (D)
  An alligator snapping turtle (D)
  3 centaur warriors (D)
  4 dancing weapons (D)
  A naga warrior (D)
  4 death yaks (D)
  Urug (D)
  4 skeletal warriors (D)
  A spriggan druid (D)
  A death drake (D)
  A sea snake (shapeshifter) (D)
  An orange crystal statue (D)
  A lindwurm (D)
  A mana viper (shapeshifter) (D)
  4 deep elf zephyrmancers (D)
  2 deep elf pyromancers (D)
  An ugly thing (D)
  A cyclops (shapeshifter) (D)
  A guardian serpent (D)
  2 elephants (D)
  An eye of devastation (shapeshifter) (D)
  2 cane toads (D)
  9 black mambas (D)
  A torpor snail (shapeshifter) (D)
  2 unseen horrors (D)
  A rime drake (D)
  A komodo dragon (D)
  A guardian mummy (D)
  4 spriggan defenders (D)
  A queen bee (D)
  A blink frog (shapeshifter) (D)
  2 orc high priests (D)
  2 tyrant leeches (D)
  3 slime creatures (D)
  5 snapping turtles (D)
  8 blink frogs (D)
  A shadow (D)
  2 spriggans (D)
  3 redbacks (D)
  2 nagas (D)
  A spatial vortex (D)
  3 water moccasins (D)
  2 orc warriors (D)
  3 wandering mushrooms (D)
  A swamp drake (D)
  3 black mamba simulacra (D)
  2 centaurs (D)
  An earth elemental (D)
  A necrophage (D)
  A water elemental (D)
  32 killer bees (D)
  An electric eel (D)
  2 orc priests (D)
  Crazy Yiuf (D)
  A jelly (D)
  Jessica (D)
  A wizard (D)
  5 necromancers (D)
  An orc wizard (D)
  A polar bear simulacrum (D)
  3 humans (D)
  A kobold demonologist (D)
  8 adders (D)
  2 adder simulacra (D)
  2 orcs (D)
  A bat zombie (D)
  An endoplasm (D)
  A rat (D)
  A bush (D)
  2 tentacles (D)
200 creatures vanquished.

Vanquished Creatures (collateral kills)
  Sojobo (D)
  2 azure jellies (D)
  2 orc high priests (D)
  2 orc knights (D)
  2 orc priests (D)
  An orc wizard (D)
  6 orcs (D)
16 creatures vanquished.

Vanquished Creatures (others)
  12 plants (D)
  5 tentacles (D)
17 creatures vanquished.

Grand Total: 233 creatures vanquished

Notes
Turn   | Place    | Note
-------+----------+-------------------------------------------
     0 | D        | mhtbhm the Draconian Berserker began the quest for the Orb.
     0 | D        | Reached XP level 1. HP: 19/19 MP: 1/1
    43 | D        | Noticed Jessica
    54 | D        | Killed Jessica
    54 | D        | Reached ** piety under Trog
    55 | D        | Reached skill level 5 in Fighting
    55 | D        | Reached XP level 2. HP: 22/29 MP: 2/2
   216 | D        | Noticed Crazy Yiuf
   228 | D        | Killed Crazy Yiuf
   229 | D        | Reached skill level 5 in Long Blades
   229 | D        | Reached XP level 3. HP: 22/36 MP: 3/3
   233 | D        | Reached XP level 4. HP: 27/44 MP: 4/4
   262 | D        | Gained mutation: You have hidden genetic potential. [potion
                  | of mutation]
   262 | D        | Gained mutation: Your mind is acute. (Int +2) [potion of
                  | mutation]
   413 | D        | Noticed a water elemental
   420 | D        | Killed a water elemental
   421 | D        | Reached skill level 5 in Dodging
   515 | D        | Found a basalt altar of Yredelemnul.
   515 | D        | Found a shadowy altar of Dithmenos.
   515 | D        | Found a sacrificial altar of Ru.
   515 | D        | Noticed a necrophage
   523 | D        | Killed a necrophage
   523 | D        | Reached *** piety under Trog
   524 | D        | Reached XP level 5. HP: 38/52 MP: 5/5
   536 | D        | Gained mutation: You possess an exceptional clarity of
                  | mind. [hidden potential]
   798 | D        | Found a radiant altar of Vehumet.
   798 | D        | Found a shimmering blue altar of Sif Muna.
   798 | D        | Found an ancient bone altar of Kikubaaqudgha.
   801 | D        | Reached **** piety under Trog
   801 | D        | Noticed a sixfirhy
   974 | D        | Found a hide-covered altar of Uskayaw.
   974 | D        | Found an iron altar of Okawaru.
   974 | D        | Found a bloodstained altar of Trog.
   974 | D        | Found an ornate altar of the Wu Jian Council.
   974 | D        | Noticed a human
   976 | D        | Noticed a human
   983 | D        | Killed a human
   984 | D        | Reached skill level 10 in Long Blades
   984 | D        | Reached XP level 6. HP: 62/62 MP: 6/6
   989 | D        | Killed a human
   990 | D        | Your scales start taking on an icy white colour.
   990 | D        | Reached XP level 7. HP: 70/70 MP: 7/7
   990 | D        | Gained mutation: Your flesh is cold resistant. (rC+) [White
                  | Draconian growth]
   994 | D        | Gained mutation: Your muscles are strong. (Str +2) [hidden
                  | potential]
   994 | D        | Lost mutation: You have hidden genetic potential. [hidden
                  | potential expressed]
  1060 | D        | Found a glowing silver altar of Zin.
  1060 | D        | Found a glowing golden altar of the Shining One.
  1060 | D        | Found a white marble altar of Elyvilon.
  1061 | D        | Noticed a deep elf pyromancer
  1069 | D        | Killed a deep elf pyromancer
  1069 | D        | Reached ***** piety under Trog
  1070 | D        | Reached skill level 10 in Fighting
  1070 | D        | Reached skill level 1 in Stealth
  1265 | D        | Noticed a shadow
  1269 | D        | Killed a shadow
  1269 | D        | Identified the +10 scimitar "Ropluny" {vorpal, rF+} (Trog
                  | gifted it to you in the Dungeon)
  1269 | D        | Received a gift from Trog
  1270 | D        | Reached XP level 8. HP: 81/81 MP: 8/8
  1280 | D        | Found a blossoming altar of Fedhas.
  1280 | D        | Found a stormy altar of Qazlal.
  1280 | D        | Found a snail-covered altar of Cheibriados.
  1280 | D        | Found a burning altar of Makhleb.
  1280 | D        | Found a shimmering altar of Xom.
  1281 | D        | Found a hazy altar of Hepliaklqana.
  1281 | D        | Found an opulent altar of Gozag.
  1281 | D        | Found a sparkling altar of Nemelex Xobeh.
  1281 | D        | Found a corrupted altar of Lugonu.
  1281 | D        | Found a viscous altar of Jiyva.
  1305 | D        | Noticed Josephine
  1315 | D        | Killed Josephine
  1524 | D        | Noticed a centaur warrior
  1528 | D        | Reached XP level 9. HP: 90/90 MP: 9/9
  1530 | D        | Killed a centaur warrior
  1531 | D        | Reached skill level 15 in Long Blades
  1588 | D        | Killed an unseen horror
  1594 | D        | Killed an unseen horror
  1748 | D        | Noticed a wandering mushroom
  1752 | D        | Noticed a wandering mushroom
  1754 | D        | Noticed a wandering mushroom
  1778 | D        | Received a gift from Trog
  1787 | D        | Killed a wandering mushroom
  1897 | D        | Found Pafiogyass's Assorted Antiques.
  1898 | D        | Noticed an orc high priest
  1898 | D        | Noticed an orc knight
  1899 | D        | Noticed an orc high priest
  1901 | D        | Noticed an orc knight
  1903 | D        | Noticed an ice devil
  1903 | D        | Noticed a rust devil
  1903 | D        | Reached ****** piety under Trog
  1906 | D        | Killed an orc knight
  1906 | D        | Received a gift from Trog
  1907 | D        | Reached skill level 1 in Shields
  1907 | D        | Reached XP level 10. HP: 53/104 MP: 10/10
  1908 | D        | Killed an orc high priest
  1909 | D        | Reached skill level 10 in Dodging
  1909 | D        | Reached skill level 1 in Evocations
  1917 | D        | Killed an orc high priest
  1918 | D        | Reached skill level 15 in Fighting
  1920 | D        | Killed an orc knight
  1923 | D        | Received a gift from Trog
  1995 | D        | Bought a pair of embroidered boots for 180 gold pieces
  2060 | D        | Noticed a deep elf zephyrmancer
  2060 | D        | Noticed a deep elf zephyrmancer
  2060 | D        | Noticed a deep elf zephyrmancer
  2060 | D        | Noticed a deep elf zephyrmancer
  2060 | D        | Noticed a deep elf pyromancer
  2073 | D        | Killed a deep elf zephyrmancer
  2075 | D        | Killed a deep elf zephyrmancer
  2075 | D        | Identified the +8 falchion of Coywia {vorpal, rC+ rCorr
                  | Dex+2} (Trog gifted it to you in the Dungeon)
  2075 | D        | Received a gift from Trog
  2077 | D        | Killed a deep elf zephyrmancer
  2080 | D        | Killed a deep elf zephyrmancer
  2082 | D        | Killed a deep elf pyromancer
  2083 | D        | Reached XP level 11. HP: 116/116 MP: 11/11
  2114 | D        | Noticed a deep elf annihilator
  2166 | D        | Received a gift from Trog
  2168 | D        | Received a gift from Trog
  2168 | D        | Received a gift from Trog
  2174 | D        | Received a gift from Trog
  2275 | D        | Noticed Donald
  2275 | D        | Noticed Frances
  2296 | D        | Killed Frances
  2304 | D        | Killed Donald
  2524 | D        | Received a gift from Trog
  2756 | D        | Noticed an orange crystal statue
  2761 | D        | Killed an orange crystal statue
  2772 | D        | Found Egad's Assorted Antiques.
  2772 | D        | Found Agoibew's Magic Scroll Shop.
  2772 | D        | Found Mak Useh's Antique Armour Shoppe.
  2772 | D        | Found Fisiokk's Distillery.
  2772 | D        | Found Zuvvait's Jewellery Emporium.
  2772 | D        | Found Keizuga's Jewellery Shop.
  2772 | D        | Found Bomomaco's Weapon Boutique.
  2773 | D        | Found Ishug's Armour Boutique.
  2773 | D        | Found Otofetsozana's Book Shoppe.
  2773 | D        | Found Qythak's Antique Weapon Shop.
  2773 | D        | Found Xanisushiu's Antique Armour Emporium.
  2818 | D        | Bought a ring of poison resistance for 200 gold pieces
  2819 | D        | Bought an amulet of faith for 480 gold pieces
  2830 | D        | Bought a smoky golden potion for 18 gold pieces
  2830 | D        | Bought a bubbling ruby potion for 18 gold pieces
  2830 | D        | Bought a scroll labelled MAUSHA SALYWN for 20 gold pieces
  2830 | D        | Bought a crude buckler for 190 gold pieces
  2830 | D        | Identified the +3 buckler of Xawaf {Regen+ Int+6 Dex+2}
                  | (You bought it in a shop in the Dungeon)
  2853 | D        | Bought a scroll of blinking for 82 gold pieces
  2853 | D        | Bought a scroll of identify for 22 gold pieces
  2856 | D        | Bought a scroll of identify for 22 gold pieces
  2856 | D        | Bought a scroll of magic mapping for 38 gold pieces
  2934 | D        | Reached skill level 5 in Evocations
  3176 | D        | Noticed a lindwurm
  3182 | D        | Killed a lindwurm
  3185 | D        | Received a gift from Trog
  3240 | D        | Noticed Urug
  3242 | D        | Killed Urug
  3293 | D        | Noticed a four-headed hydra
  3293 | D        | Noticed a four-headed hydra
  3303 | D        | Killed a one-headed hydra
  3304 | D        | Reached XP level 12. HP: 130/130 MP: 12/12
  3308 | D        | Killed a one-headed hydra
  3435 | D        | Reached skill level 5 in Stealth
  3594 | D        | Noticed an anaconda
  3601 | D        | Killed an anaconda
  3603 | D        | Received a gift from Trog
  3603 | D        | Found the +11 plutonium sword {Contam Stlth-}
  3712 | D        | Noticed an anaconda
  3717 | D        | Killed an anaconda
  3720 | D        | Received a gift from Trog
  4073 | D        | Noticed an anaconda
  4082 | D        | Killed an anaconda
  4083 | D        | Reached skill level 5 in Shields
  4084 | D        | Received a gift from Trog
  4469 | D        | Noticed a naga warrior
  4470 | D        | Noticed a nagaraja
  4471 | D        | Found Xufitum's Book Shop.
  4471 | D        | Found Nerinish's Magic Scroll Shoppe.
  4476 | D        | Received a gift from Trog
  4485 | D        | Killed a naga warrior
  4488 | D        | Killed a nagaraja
  4491 | D        | Found Inlelen's Antique Weapon Boutique.
  4567 | D        | Bought a scroll of blinking for 90 gold pieces
  4598 | D        | Got a serpentine rune of Zot
  4701 | D        | Found a blossoming altar of Fedhas.
  4708 | D        | Received a gift from Trog
  4808 | D        | Received a gift from Trog
  4811 | D        | Identified the amulet "Faachit" {Spirit rCorr Str+7 Dex-2
                  | SInv}
  5229 | D        | Received a gift from Trog
  5405 | D        | Noticed a dire elephant
  5405 | D        | Noticed a dire elephant
  5405 | D        | Noticed Gastronok
  5415 | D        | Killed a dire elephant
  5422 | D        | Killed a dire elephant
  5423 | D        | Reached XP level 13. HP: 128/141 MP: 13/13
  5439 | D        | Killed Gastronok
  5439 | D        | Received a gift from Trog
  5468 | D        | Noticed an azure jelly
  5468 | D        | Noticed an azure jelly
  5468 | D        | Noticed an azure jelly
  5602 | D        | Noticed an azure jelly
  5614 | D        | Noticed Rupert
  5624 | D        | Killed Rupert
  5625 | D        | Reached skill level 1 in Throwing
  5779 | D        | Reached skill level 10 in Shields
  5786 | D        | Identified the +12 trident of the Dwarven Hall {antimagic,
                  | Str+6} (Trog gifted it to you in the Dungeon)
  5786 | D        | Received a gift from Trog
  5950 | D        | Killed an azure jelly
  5950 | D        | Received a gift from Trog
  5960 | D        | Killed an azure jelly
  5962 | D        | Killed an azure jelly
  5963 | D        | Reached skill level 15 in Dodging
  5965 | D        | Killed an azure jelly
  6275 | D        | Noticed a kraken
  6292 | D        | Killed a kraken
  6533 | D        | Received a gift from Trog
  6961 | D        | Found Zukugecs's Antique Armour Shoppe.
  6961 | D        | Found Rananwou's Magic Scroll Boutique.
  6961 | D        | Found Veopoz's Jewellery Shop.
  6970 | D        | Got a barnacled rune of Zot
  7118 | D        | Received a gift from Trog
  7246 | D        | Noticed a fire dragon
  7249 | D        | Killed a fire dragon
  7249 | D        | Received a gift from Trog
  7349 | D        | Reached XP level 14. HP: 87/155 MP: 14/14
  7619 | D        | Identified the +12 long sword "Yhagh" {vamp, *Slow rElec
                  | rC+}
  7663 | D        | Received a gift from Trog
  8176 | D        | Received a gift from Trog
  8187 | D        | Noticed a bone dragon
  8208 | D        | Killed a bone dragon
  8517 | D        | Noticed a bone dragon
  8535 | D        | Killed a bone dragon
  8826 | D        | Received a gift from Trog
  8833 | D        | Noticed a bone dragon
  8846 | D        | Killed a bone dragon
  9024 | D        | Received a gift from Trog
  9037 | D        | Noticed a vampire knight
  9038 | D        | Paralysed by a vampire knight for 3 turns
  9046 | D        | Killed a vampire knight
  9394 | D        | Noticed a bone dragon
  9413 | D        | Killed a bone dragon
  9413 | D        | Received a gift from Trog
  9818 | D        | Noticed Chuck
  9831 | D        | Killed Chuck
 10191 | D        | Noticed Sojobo
 10201 | D        | Paralysed by an air elemental for 1 turns
 10210 | D        | Paralysed by an air elemental for 1 turns
 10215 | D        | Paralysed by an air elemental for 1 turns
 10225 | D        | Killed Sojobo
 10225 | D        | Received a gift from Trog
 10342 | D        | Noticed a lich
 10350 | D        | Killed a lich
 10544 | D        | Reached skill level 15 in Shields
 10546 | D        | Received a gift from Trog
 10642 | D        | Noticed a shadow dragon
 10643 | D        | Noticed a shadow dragon
 10664 | D        | Killed a shadow dragon
 10671 | D        | Killed from afar by a shadow dragon

Illustrated notes

Levels and vault maps discovered:
D:        dungeon_sprint_mu [sprint_mu_entry_forest, sprint_mu_temple_rooms,
          sprint_mu_d1_horrors, sprint_mu_d2_genie, sprint_mu_d3_branching,
          sprint_mu_orc_legion, sprint_mu_elf_gauntlet, sprint_mu_hive_nellie,
          sprint_mu_lair_fedhas, sprint_mu_vaults_butterflies,
          sprint_mu_slime_circle, sprint_mu_shoals_kraken,
          sprint_mu_snake_twists, sprint_mu_blade_basic,
          sprint_mu_crypt_chambers, sprint_mu_tomb_spiral,
          sprint_mu_vestibule_basic, sprint_mu_gehenna_hellfire,
          sprint_mu_dis_giant, sprint_mu_tartarus_statrot,
          sprint_mu_cocytus_islands, sprint_mu_zot1]

Skill      XL: |  1  2  3  4  5  6  7  8  9 10 11 12 13 14 |
---------------+-------------------------------------------+-----
Dodging        | 4 5 6 7 8 9 10 11 13 15 18 | 18.1
Fighting       | 5 7 8 9 10 12 14 16 19 20 22 24 | 24.9
Long Blades    | 4 5 8 10 13 14 17 18 20 21 22 24 | 24.1
Stealth        | 1 2 4 7 8 |  8.4
Shields        | 1 2 3 8 12 15 | 15.1
Evocations     | 2 5 6 7 |  7.5
Throwing       | 3 |  3.9

Action                   |  1- 3 |  4- 6 |  7- 9 | 10-12 | 13-15 || total
-------------------------+-------+-------+-------+-------+-------++-------
Melee: Falchion          |    24 |    49 |     7 |    11 |       ||    91
       Tailslap          |     1 |     7 |    13 |    27 |    74 ||   122
       Long sword        |       |       |     6 |       |       ||     6
       Scimitar          |       |       |    61 |   249 |   395 ||   705
Throw: Dart              |       |       |       |     1 |    11 ||    12
Invok: Berserk           |     2 |     3 |     3 |    11 |     9 ||    28
       Brothers in Arms  |       |       |     1 |     2 |     2 ||     5
       Trog's Hand       |       |       |       |     1 |       ||     1
 Abil: Breathe Frost     |       |       |     1 |     6 |     1 ||     8
Evoke: Lightning rod     |       |       |     4 |     8 |     4 ||    16
       Wand              |       |       |       |       |     2 ||     2
  Use: Potion            |       |     1 |       |     2 |     2 ||     5
       Scroll            |       |       |       |     5 |     3 ||     8
 Stab: Sleeping          |       |       |       |     7 |    17 ||    24
       Distracted        |       |       |       |     1 |       ||     1
Armor: Skin              |     2 |     3 |     8 |    50 |    93 ||   156
Dodge: Dodged            |    12 |    16 |    27 |   116 |   166 ||   337
Block: Buckler           |       |       |     6 |     3 |       ||     9
       Kite shield       |       |       |       |    81 |   163 ||   244
       Reflection        |       |       |       |     2 |       ||     2
       Tower shield      |       |       |       |       |    27 ||    27

Table legend: (Time is in decaauts) A = Elapsed time spent in this place. B = Non-inter-level travel time spent in this place. C = Inter-level travel time spent in this place. D = Time resting spent in this place. E = Time spent auto-exploring this place. F = Levels seen in this place. G = Mean time per level. A B C D E F G +--------+--------+--------+--------+--------+-----+--------+ Total | 10829 | 10809 | 20 | 8217 | 17 | 1 | 10829.0 | Dungeon | 10829 | 10809 | 20 | 8217 | 17 | 1 | 10829.0 | +--------+--------+--------+--------+--------+-----+--------+

Top non-repeatable levels by time:
       D: 10829 daAuts
